 Dungeon Crawl Stone Soup version 0.32-a0-607-g64ea0e4219 (webtiles) character file.

Game seed: 1581068528952723274

542 ytrimaz the Prestidigitator (level 7, -3/48 HPs)
             Began as a Coglin Artificer on Mar 4, 2024.
             Killed by divine providence
             ... invoked by an orc priest
              (13 damage)
             ... on level 5 of the Dungeon.
             The game lasted 00:04:02 (3649 turns).

ytrimaz the Prestidigitator (Coglin Artificer)      Turns: 3649, Time: 00:04:02

Health: -3/48      AC: 10    Str: 14    XL:     7   Next: 27%
Magic:  7/7        EV:  7    Int: 10    God:
Gold:   196        SH:  0    Dex: 15    Spells: 6/6 levels left

rFire   . . .        k - +0 spear {Xolani}
rCold   + . .        o - +1 whip of Peril {vamp, rElec}
rNeg    . . .        q - +2 chain mail {rC+}
rPois   .            (no helmet)
rElec   +            (no cloak)
rCorr   .            (no gloves)
SInv    .            (no boots)
Will    .....        (amulet unavailable) Stlth
                     (ring unavailable)
HPRegen 0.28/turn    (ring unavailable)
MPRegen 0.10/turn    (no gizmo)

%: no passive effects
@: revved
A: off-hand wielding, slow wielding, warmup strikes, no jewellery
a: Invent Gizmo, Convert to Beogh


You were on level 5 of the Dungeon.
You visited 1 branch of the dungeon, and saw 5 of its levels.

You collected 196 gold pieces.


Innate Abilities, Weirdness & Mutations

You can wield a second weapon in your off-hand.
It takes a long time for you to wield or remove held weapons.
Your first few attacks do less damage.
You cannot equip rings or amulets.


   Skills:
 - Level 1.0 Fighting
 + Level 2.0 Axes
 - Level 1.7 Armour
 - Level 0.8 Dodging
 - Level 0.7 Stealth
 + Level 10.2 Evocations


You had 6 spell levels left.
You didn't know any spells.
Your spell library contained the following spells:

 Spells                   Type           Power      Damage    Failure   Level
 Static Discharge         Conj/Air       0%         3-3/arc   100%        2
 Airstrike                Air            0%         2d(0-16)  100%        4
 Summon Lightning Spire   Summ/Air       0%         N/A       100%        4
 Conjure Ball Lightning   Conj/Air       0%         3x3d6     100%        6
 Discord                  Hex            0%         N/A       100%        8
 Disjunction              Tloc           0%         N/A       100%        8

Inventory:

Hand Weapons
 h - a +0 spear {Nittaya}
   (You found it on level 1 of the Dungeon)
 k - a +0 spear (weapon) {Xolani}
   (You took it off a gnoll on level 1 of the Dungeon)
 o - the +1 whip of Peril (offhand) {vamp, rElec}
   (You found it on level 3 of the Dungeon)

   rElec:     It insulates you from electricity.
Missiles
 s - a throwing net
Armour
 q - a +2 chain mail of cold resistance (worn)
   (You found it on level 3 of the Dungeon)
 t - the +2 ring mail of Howling Wind {Dex+4}
   (You found it on level 4 of the Dungeon)

   Dex+4:     It affects your dexterity (+4).
Wands
 c - a wand of flame (2) (quivered)
 d - a wand of charming (14)
 e - a wand of iceblast (3)
 u - a wand of quicksilver (11)
   (You found it on level 5 of the Dungeon)
Scrolls
 a - a scroll of noise {unknown}
 f - 5 scrolls of identify {unknown}
 i - a scroll of fear {unknown}
 j - 2 scrolls of teleportation {unknown}
 m - a scroll of amnesia {unknown}
Potions
 b - 2 potions of lignification {unknown}
 g - a potion of berserk rage {unknown}
 l - a potion of curing
 n - a potion of brilliance {unknown}
 p - a potion of haste {unknown}
 r - a potion of might {unknown}
 v - 2 potions of attraction {unknown}

Dungeon Overview and Level Annotations

Branches:
Dungeon (5/15) Zot: 26316
 Temple: D:4-7

Altars:
Dithmenos
Elyvilon
Fedhas
Hepliaklqana
Makhleb

..#.....#..)...#
..#.....#......#
..#.....#......#
..###...#......### #
#####...##.......######.#
.........#.......#.......
.........#.......#5......
.........#......))o......
....[....+......@#o......
.........#.......#......#
.........#.......#......#
...####+##)......#.......
...##....#.......#.....$.
.........+.......#.......
.........#.......#.......
.........#.......#
...##....#


You could see an orc priest and a shadow imp.


Message History

You hit the orc with the +1 whip of Peril.
You kill the orc!
The orc hits you but does no damage.
A shadow imp comes into view.
The shadow imp shouts!
You hit the orc with your +0 spear. You hit the orc but do no damage.
The orc barely misses you.
The orc hits you from afar with a +0 trident.
The orc hits you with a +0 flail.
The orc priest calls down the wrath of Beogh upon you.
Pain shoots through your body!
The orc priest shouts, "Beogh offers mercy even to people such as you.
Join us and be reborn!" (press Y on the ability menu to convert to Beogh) 😮 HP[-16]
You take 16 damage, and now have 32/48 hp.
MASSIVE DAMAGE!! (PAUSE) Unknown command.
You hit the orc with your +0 spear.
You kill the orc!
The orc priest mumbles some strange prayers to Beogh against you.
Beogh smites you!
* * * LOW HITPOINT WARNING * * *
The orc hits you from afar with a +0 trident.
* * * LOW HITPOINT WARNING * * *
😨 HP[-16]
You take 16 damage, and now have 16/48 hp.
MASSIVE DAMAGE!! (PAUSE)
The orc hits you with a +0 trident.
* * * LOW HITPOINT WARNING * * *
There is an open door, spattered with blood here.
You see here a +0 war axe. 😨 HP[-2]
You take 2 damage, and now have 14/48 hp.
Reach: k) +0 spear {Xolani}
Press: ? - help, Dir - move target, f/p - orc
Aim: an orc, wielding a +0 trident (moderately wounded, about 40% to evade your +0 spear)
Okay, then.
Unknown command.
You hit the orc priest with your +0 spear.
The orc priest shouts, "Surrender to Beogh and we'll let you live!"
You hit the orc priest with the +1 whip of Peril.
You feel better. The orc priest barely misses you.
The orc hits you but does no damage. 😨 HP[+1] Unknown command.
You barely miss the orc priest with your +0 spear.
You closely miss the orc priest with the +1 whip of Peril.
The orc priest mumbles some strange prayers to Beogh against you.
Pain shoots through your body!
* * * LOW HITPOINT WARNING * * *
The orc barely misses you. 😱 HP[-5]
You take 5 damage, and now have 10/48 hp.
Unknown command.
You barely miss the orc priest with the +1 whip of Peril.
You closely miss the orc priest with your +0 spear.
The orc priest hits you with a +0 whip.
* * * LOW HITPOINT WARNING * * *
The shadow imp hits you but does no damage.
The orc hits you with a +0 trident.
* * * LOW HITPOINT WARNING * * *
😱 HP[-7]
You take 7 damage, and now have 3/48 hp.
Unknown command.
It was a potion of curing.
You feel better. The orc priest hits you with a +0 whip.
* * * LOW HITPOINT WARNING * * *
The orc hits you but does no damage. The shadow imp hits you.
* * * LOW HITPOINT WARNING * * *
😱 HP[+5]
You regained 5 hp, and now have 8/48 hp.
You feel better. The orc priest closely misses you.
The orc hits you with a +0 trident.
* * * LOW HITPOINT WARNING * * *
The shadow imp hits you but does no damage. 😨 HP[+5]
You regained 5 hp, and now have 13/48 hp.
You closely miss the orc priest with the +1 whip of Peril.
You hit the orc priest with your +0 spear.
The orc priest hits you but does no damage.
The shadow imp hits you but does no damage.
The orc hits you with a +0 trident.
* * * LOW HITPOINT WARNING * * *
😱 HP[-5]
You take 5 damage, and now have 8/48 hp.
You barely miss the orc priest with your +0 spear.
You hit the orc priest with the +1 whip of Peril.
You feel better.
The orc priest calls down the wrath of Beogh upon you.
Pain shoots through your body!
* * * LOW HITPOINT WARNING * * *
The orc closely misses you.
The shadow imp hits you but does no damage.
Unknown command. 😱 HP[+2]
You regained 2 hp, and now have 10/48 hp.
Unknown command.
The orc priest invokes the aid of Beogh against you.
Beogh smites you!
You die...

Skill      XL: |  1  2  3  4  5  6  7 |
---------------+----------------------+-----
Evocations     | 5 6 7 8 10 | 10.2
Axes           | 1 2 |  2.0
Fighting       | |  1.0
Armour         | |  1.7
Dodging        | |  0.8
Stealth        | |  0.7

Action                     |  1- 3 |  4- 6 |  7- 9 || total
---------------------------+-------+-------+-------++-------
  Melee: Club              |    44 |       |       ||    44
         Dagger            |    11 |       |       ||    11
         Spear             |   120 |   222 |    35 ||   377
         Whip              |       |    51 |    34 ||    85
  Evoke: Wand              |     4 |    12 |       ||    16
    Use: Potion            |       |       |     2 ||     2
   Stab: Sleeping          |     1 |     1 |       ||     2
 Armour: Leather armour    |    75 |    70 |       ||   145
         Chain mail        |       |    29 |    44 ||    73
  Dodge: Dodged            |    70 |    83 |    21 ||   174

Levels and vault maps discovered:
D:1:      onia_arrival_pentagram, layout_basic,
          shapermc_ecumenical_altar_starsandcircs
D:2:      minmay_evil_eye, layout_basic, palyth_stone_intersect,
          minmay_misc_feat_room, minmay_goblin_outpost, uniq_terence
D:3:      layout_basic, mainiacjoe_overflow_24_doors, lexackson_kobold_supper
D:4:      layout_loops_ring, lemuel_doored_altar,
          chequers_temple_overflow_minitemple, uniq_blork_the_orc
D:5:      layout_gridville

Notes
Turn   | Place    | Note
-------+----------+-------------------------------------------
     0 | D:1      | ytrimaz the Coglin Artificer began the quest for the Orb.
     0 | D:1      | Reached XP level 1. HP: 15/15 MP: 1/1
     0 | D:1      | magus.rc [v1.9.6]
    45 | D:1      | Reached XP level 2. HP: 11/21 MP: 2/2
   147 | D:1      | Reached skill level 5 in Evocations
   176 | D:1      | HP: 4/21 [quokka (3)]
   416 | D:1      | Reached XP level 3. HP: 17/26 MP: 3/3
   474 | D:1      | You pick up a book of Chaos and begin reading...
   474 | D:1      | You add the spells Conjure Ball Lightning, Disjunction and
                  | Discord to your library.
   790 | D:1      | Found a faded altar of an unknown god.
  1011 | D:2      | Reached skill level 6 in Evocations
  1049 | D:2      | Reached XP level 4. HP: 28/32 MP: 4/4
  1109 | D:2      | You fall into a shaft and drop 2 floors!
  1120 | D:4      | Noticed a centaur
  1122 | D:4      | HP: 4/32 [centaur/arrow (10)]
  1123 | D:4      | Killed a centaur
  1124 | D:4      | Reached skill level 7 in Evocations
  1124 | D:4      | Reached XP level 5. HP: 5/37 MP: 5/5
  1419 | D:4      | Noticed Blork the orc
  1423 | D:4      | Killed Blork the orc
  1424 | D:4      | Reached skill level 8 in Evocations
  1432 | D:4      | Noticed an ogre
  1451 | D:4      | Killed an ogre
  1452 | D:4      | Reached XP level 6. HP: 19/43 MP: 6/6
  1633 | D:4      | Reached skill level 9 in Evocations
  1835 | D:4      | Found a blossoming altar of Fedhas.
  1881 | D:4      | You pick up a book of Storms and begin reading...
  1881 | D:4      | You add the spells Static Discharge, Airstrike and Summon
                  | Lightning Spire to your library.
  2219 | D:3      | Found a shadowy altar of Dithmenos.
  2238 | D:3      | Identified the +1 whip of Peril {vamp, rElec}
  2340 | D:3      | HP: 9/43 [burnt (4)]
  2852 | D:4      | Identified the +2 ring mail of Howling Wind {Dex+4}
  3181 | D:4      | Found a hazy altar of Hepliaklqana.
  3181 | D:4      | Found a faded altar of an unknown god.
  3207 | D:4      | Found a faded altar of an unknown god.
  3209 | D:4      | Found a burning altar of Makhleb.
  3211 | D:4      | Found a white marble altar of Elyvilon.
  3336 | D:5      | Entered Level 5 of the Dungeon
  3336 | D:5      | Noticed a black bear
  3343 | D:5      | Killed a black bear
  3344 | D:5      | Reached skill level 1 in Axes
  3344 | D:5      | Reached skill level 10 in Evocations
  3344 | D:5      | Reached XP level 7. HP: 48/48 MP: 7/7
  3613 | D:5      | Reached skill level 2 in Axes
  3643 | D:5      | HP: 10/48 [orc priest/nerve-wracking pain (5)]
  3644 | D:5      | HP: 3/48 [orc/+0 trident (6)]
  3649 | D:5      | Killed from afar by an orc priest

Vanquished Creatures
  A black bear (D:5)
  An ogre (D:4)
  A centaur (D:4)
  A phantom (D:4)
  Blork the orc (D:4)
  A bombardier beetle (D:3)
  A gnoll (D:1)
  8 adders
  A shadow imp (D:5)
  2 dart slugs (D:1)
  2 ribbon worms
  4 orcs (D:5)
  4 endoplasms
  3 giant cockroaches
  6 goblins
  7 hobgoblins
  4 jackals (D:3)
  12 kobolds
  3 quokkas
  5 ball pythons
  4 bats
  4 frilled lizards
  3 rats
79 creatures vanquished.

Vanquished Creatures (collateral kills)
  A kobold (D:4)
1 creature vanquished.

Grand Total: 80 creatures vanquished

Table legend:
 A = Non-vault XP
 B = Vault XP
 C = Vault XP percentage of total XP
 D = Non-vault monster count
 E = Vault monster count
 F = Vault count percentage of total count
                 A         B        C        D         E       F
            +---------+---------+-------+---------+---------+-------
      Total |     652 |     123 |  15.9 |      66 |      14 |  17.5
            +---------+---------+-------+---------+---------+-------
        D:1 |      60 |       0 |   0.0 |      25 |       0 |   0.0
        D:2 |       2 |      21 |  91.3 |       1 |       5 |  83.3
        D:3 |      91 |      11 |  10.8 |      15 |       8 |  34.8
        D:4 |     336 |      91 |  21.3 |      18 |       1 |   5.3
        D:5 |     163 |       0 |   0.0 |       7 |       0 |   0.0
            +---------+---------+-------+---------+---------+-------

Skill      XL: |  1  2  3  4  5  6  7 |
---------------+----------------------+-----
Evocations     | 5 6 7 8 10 | 10.2
Axes           | 1 2 |  2.0
Fighting       | |  1.0
Armour         | |  1.7
Dodging        | |  0.8
Stealth        | |  0.7

Action                     |  1- 3 |  4- 6 |  7- 9 || total
---------------------------+-------+-------+-------++-------
  Melee: Club              |    44 |       |       ||    44
         Dagger            |    11 |       |       ||    11
         Spear             |   120 |   222 |    35 ||   377
         Whip              |       |    51 |    34 ||    85
  Evoke: Wand              |     4 |    12 |       ||    16
    Use: Potion            |       |       |     2 ||     2
   Stab: Sleeping          |     1 |     1 |       ||     2
 Armour: Leather armour    |    75 |    70 |       ||   145
         Chain mail        |       |    29 |    44 ||    73
  Dodge: Dodged            |    70 |    83 |    21 ||   174

Illustrated notes

Table legend:
 A = Kills in this place as a percentage of kills in the entire game.
 B = Kills by you in this place as a percentage of kills by you in the entire game.
 C = Kills by friends in this place as a percentage of kills by friends in the entire game.
 D = Other kills in this place as a percentage of other kills in the entire game.
 E = Experience gained in this place as a percentage of experience gained in the entire game.
 F = Experience gained in this place divided by the number of levels of this place that you have seen.
                   A       B       C       D       E      F
               +-------+-------+-------+-------+-------+----------------------
         Total | 100.0 | 100.0 | 100.0 |   N/A | 100.0 | 155.0
       Dungeon | 100.0 | 100.0 | 100.0 |   N/A | 100.0 | 155.0
               +-------+-------+-------+-------+-------+----------------------

Table legend: (Time is in decaauts)
 A = Elapsed time spent in this place.
 B = Non-inter-level travel time spent in this place.
 C = Inter-level travel time spent in this place.
 D = Time resting spent in this place.
 E = Time spent auto-exploring this place.
 F = Levels seen in this place.
 G = Mean time per level.
                   A        B        C        D        E       F      G
               +--------+--------+--------+--------+--------+-----+--------+
         Total |   3682 |   3509 |    173 |    349 |   2421 |   5 |  736.4 |
       Dungeon |   3682 |   3509 |    173 |    349 |   2421 |   5 |  736.4 |
               +--------+--------+--------+--------+--------+-----+--------+

Top non-repeatable levels by time:
     D:4: 1387 daAuts
     D:1: 1002 daAuts
     D:3: 853 daAuts
     D:5: 315 daAuts
     D:2: 123 daAuts
